 Dungeon Crawl Stone Soup version 0.25.1-2-g60ff931df9 (webtiles) character file.

Game seed: 8973957786777547986

11484 DearestLeader the Cleaver (level 11, -1/81 HPs)
             Began as a Demonspawn Gladiator on Oct 19, 2020.
             Was a Follower of Qazlal.
             Slain by a two-headed ogre
             ... wielding a +0 giant club
              (10 damage)
             ... on level 9 of the Dungeon.
             The game lasted 00:25:18 (14612 turns).

DearestLeader the Cleaver (Demonspawn Gladiator)   Turns: 14612, Time: 00:25:19

Health: -1/81      AC: 16    Str: 23    XL:     11   Next: 49%
Magic:  11/11      EV:  8    Int: 11    God:    Qazlal [*.....]
Gold:   0          SH:  8    Dex: 14    Spells: 10/10 levels left

rFire    + . .     SeeInvis .   H - +0 battleaxe
rCold    . . .     Gourm    .   (shield currently unavailable)
rNeg     . . .     Faith    +   I - +0 plate armour
rPois    .         Spirit   .   (helmet restricted)
rElec    .         Reflect  .   x - +0 cloak
rCorr    .         Harm     .   s - +0 pair of gloves
MR       .....                  (no boots)
Stlth    ..........             C - amulet of faith
HPRegen  0.23/turn              b - ring of protection from fire
MPRegen  0.12/turn              v - +6 ring of strength

@: no status effects
A: antennae 2, large bone plates 2, powered by death 1, powered by pain 2
a: Renounce Religion


You were on level 9 of the Dungeon.
You worshipped Qazlal.
Qazlal was aware of your devotion.
You were not hungry.

You visited 2 branches of the dungeon, and saw 11 of its levels.
You also visited: Sewer.

Inventory:

Hand Weapons
 a - a +0 war axe
 H - a +0 battleaxe (weapon)
Missiles
 d - a throwing net
 y - 28 poisoned darts (quivered)
Armour
 s - a +0 pair of gloves (worn)
 x - a +0 cloak (worn)
 G - a +1 scale mail of positive energy
 I - a +0 plate armour (worn)
Jewellery
 b - a ring of protection from fire (left hand)
 u - a +4 ring of evasion
 v - a +6 ring of strength (right hand)
 C - an amulet of faith (around neck)
 P - an uncursed ring of fire
 Q - an uncursed ring of wizardry
Wands
 E - a wand of digging (2)
 M - a wand of polymorph (4)
 N - a wand of flame (6)
Scrolls
 e - 7 scrolls of magic mapping
 i - 2 scrolls of enchant armour
 j - a scroll of random uselessness {unknown}
 l - 2 scrolls of immolation {unknown}
 o - 6 scrolls of teleportation
 q - a scroll of fear {unknown}
 t - 2 scrolls of remove curse {unknown}
 w - 2 scrolls of enchant weapon {unknown}
 B - 2 scrolls of amnesia
 O - a scroll of fog {unknown}
Potions
 c - a potion of mutation {unknown}
 g - a potion of curing
 k - 2 potions of cancellation
 n - 2 potions of haste
 p - 5 potions of stabbing
 r - a potion of flight
 z - 2 potions of brilliance
 A - 3 potions of might {unknown}
 F - 4 potions of degeneration {unknown}
 J - a potion of berserk rage {unknown}
 K - 3 potions of resistance
Miscellaneous
 S - a phial of floods (inert)
Comestibles
 f - 21 rations


   Skills:
 - Level 6.0 Fighting
 * Level 13.0 Axes
 - Level 1.7 Throwing
 + Level 9.1 Armour
 - Level 3.0 Dodging


You had 10 spell levels left.
You didn't know any spells.
Your spell library contained the following spells:

 Spells                   Type           Power        Failure   Level  Hunger
 Animate Skeleton         Necr           N/A          99%         1    ##.....
 Apportation              Tloc           #.....       99%         1    ##.....
 Corona                   Hex            #......      99%         1    ##.....
 Freeze                   Ice            #...         99%         1    ##.....
 Magic Dart               Conj           #...         99%         1    ##.....
 Shock                    Conj/Air       #...         99%         1    ##.....
 Summon Small Mammal      Summ           #...         99%         1    ##.....
 Searing Ray              Conj           #.....       100%        2    ###....
 Swiftness                Chrm/Air       #.......     100%        2    ###....
 Dazzling Flash           Conj/Hex       #.....       100%        3    ####...
 Frozen Ramparts          Ice            #.....       100%        3    ####...
 Ozocubu's Armour         Chrm/Ice       #.......     100%        3    ####...
 Static Discharge         Conj/Air       #.......     100%        3    ####...
 Airstrike                Air            #.........   100%        4    #####..
 Fulminant Prism          Conj/Hex       #.........   100%        4    #####..
 Hailstorm                Conj/Ice       #.......     100%        4    #####..
 Ice Form                 Ice/Tmut       #.......     100%        4    #####..
 Iskenderun's Mystic Bla  Conj/Tloc      #.......     100%        4    #####..
 Summon Ice Beast         Ice/Summ       #.......     100%        4    #####..
 Lightning Bolt           Conj/Air       #.........   100%        5    ######.
 Metabolic Englaciation   Hex/Ice        #.........   100%        5    ######.
 Freezing Cloud           Conj/Ice/Air   #.........   100%        6    #######
 Ozocubu's Refrigeration  Ice            #.........   100%        6    #######
 Simulacrum               Ice/Necr       #.........   100%        6    #######


Dungeon Overview and Level Annotations

Branches:
Dungeon (10/15)            Temple (1/1) D:4           Sewer (visited)
   Lair: D:8-11         Orc: D:9-12

Altars:
Ashenzari
Cheibriados
Dithmenos
Elyvilon
Fedhas
Gozag
Hepliaklqana
Kikubaaqudgha
Makhleb
Nemelex Xobeh
Okawaru
Qazlal
Ru
Sif Muna
Trog
Uskayaw
Vehumet
Wu Jian
Xom
Yredelemnul
Zin
The Shining One
Jiyva

Annotations:
D:8 3 runed translucent doors


Innate Abilities, Weirdness & Mutations

You have a pair of antennae on your head.
You are mostly covered in large bone plates. (SH +6)
You regenerate a little health from kills.
You sometimes gain power by taking damage.


Message History

The two-headed ogre is almost dead.
You block the two-headed ogre's attack. x2
You barely miss the two-headed ogre.
The two-headed ogre is almost dead.
The two-headed ogre looks more healthy.
You hit the two-headed ogre.
The two-headed ogre is almost dead.
The two-headed ogre hits you with a +0 giant club!
* * * LOW HITPOINT WARNING * * *
The two-headed ogre hits you with a +0 giant club!
* * * LOW HITPOINT WARNING * * *
There is a stone staircase leading up here.
Throwing (i - inventory. (/) - cycle)
y - 29 poisoned darts (quivered)
Press: ? - help, Shift-Dir - straight line, f/p - two-headed ogre
Aim: a two-headed ogre, wielding two +0 giant clubs (almost dead)
You throw a poisoned dart.
The poisoned dart hits the two-headed ogre.
The two-headed ogre is almost dead.
The two-headed ogre hits you with a +0 giant club!
You die...

.# #.. .# #####################
#.. .# #...)>..............# #..
.#######.....###.#######.#.####..
.............# #.# #.........
.###.......#.###.########........
.# #...........#.................
.# #......##.#.#...○...#.#.#.###.
.# #......##...○@O<..(...........
.###................###.........#
.......#.#............'..........
.....#.#.#..........###.........#
.....#)#.'..........###.........#
.....#)###.............######(###
....<#.# #.............# ##.###
.....#.# #########.....# #.....
.....#.# ####### #.....


You could see a two-headed ogre.

Vanquished Creatures
  A centaur warrior (D:8)
  Erica (D:8)
  2 tengu warriors (D:9)
  An unseen horror (D:9)
  A deep elf mage (D:9)
  Maurice (D:9)
  A kobold demonologist (D:9)
  A gargoyle (D:9)
  2 trolls (D:9)
  A hippogriff (D:8)
  Sigmund (D:2)
  2 yaks
  A hungry ghost (D:9)
  Menkaure (D:4)
  Duvessa (D:7)
  3 orc warriors
  10 sky beasts
  3 ice beasts
  2 phantoms
  2 black bears (D:8)
  4 ogres
  4 centaurs
  6 big kobolds
  5 bullfrogs
  Dowan (D:7)
  3 scorpions
  12 killer bees (D:9)
  4 howler monkeys
  A wight (D:8)
  A centaur zombie (D:5)
  4 crimson imps
  5 jellies
  3 bullfrog zombies
  9 hounds
  7 orc wizards
  A centaur skeleton (D:8)
  3 orc priests
  Crazy Yiuf (D:2)
  Jessica (D:2)
  Terence (D:2)
  7 worker ants
  2 iguanas
  2 hound zombies
  A howler monkey zombie (D:5)
  A worker ant zombie (D:8)
  8 adders
  14 gnolls
  2 shadow imps
  3 oozes (Sewer)
  An adder skeleton (D:7)
  A worm (D:3)
  2 dart slugs
  6 leopard geckos
  23 orcs
  3 ball pythons
  10 bats
  5 giant cockroaches
  10 goblins
  9 hobgoblins
  10 jackals
  8 quokkas
  A ball python skeleton (D:5)
  3 frilled lizards
  22 kobolds
  16 rats
  2 plants (D:5)
286 creatures vanquished.

Vanquished Creatures (others)
  A sky beast (D:8)
  An adder (D:7)
  A jackal (D:9)
  A quokka zombie (D:7)
4 creatures vanquished.

Grand Total: 290 creatures vanquished

Notes
Turn   | Place    | Note
-------+----------+-------------------------------------------
     0 | D:1      | DearestLeader the Demonspawn Gladiator began the quest for
                  | the Orb.
     0 | D:1      | Reached XP level 1. HP: 16/16 MP: 1/1
   307 | D:1      | Reached skill level 3 in Axes
   307 | D:1      | Gained mutation: You have a pair of small antennae on your
                  | head. [demonic ancestry]
   307 | D:1      | Reached XP level 2. HP: 20/22 MP: 2/2
   851 | D:1      | Reached XP level 3. HP: 28/28 MP: 3/3
  1393 | D:2      | Noticed Jessica
  1406 | D:2      | Killed Jessica
  1407 | D:2      | Gained mutation: You have a pair of antennae on your head.
                  | [demonic ancestry]
  1407 | D:2      | Reached XP level 4. HP: 15/34 MP: 4/4
  1732 | D:2      | Reached skill level 4 in Axes
  2003 | D:2      | Noticed Sigmund
  2128 | D:3      | Found an ancient bone altar of Kikubaaqudgha.
  2128 | D:3      | Found a sparkling altar of Nemelex Xobeh.
  2263 | D:3      | Found a faded altar of an unknown god.
  2381 | D:3      | HP: 1/35 [gnoll/+0 halberd (11)]
  2593 | D:4      | Reached skill level 1 in Armour
  2593 | D:4      | Gained mutation: You sometimes gain a little power by
                  | taking damage. [demonic ancestry]
  2593 | D:4      | Reached XP level 5. HP: 16/41 MP: 5/5
  2711 | D:4      | Found a glowing drain.
  2715 | Sewer    | Entered a sewer
  3010 | Sewer    | Reached skill level 5 in Axes
  3010 | Sewer    | Gained mutation: You sometimes gain power by taking damage.
                  | [demonic ancestry]
  3010 | Sewer    | Reached XP level 6. HP: 43/48 MP: 6/6
  3409 | D:4      | Noticed Menkaure
  3425 | D:4      | Killed Menkaure
  3425 | D:4      | Reached XP level 7. HP: 29/55 MP: 7/7
  3730 | D:4      | Reached skill level 6 in Axes
  4008 | D:4      | Found a staircase to the Ecumenical Temple.
  4096 | Temple   | Entered the Ecumenical Temple
  4293 | D:4      | Found a bloodstained altar of Trog.
  4796 | D:2      | Noticed Terence
  4808 | D:2      | Killed Terence
  4854 | D:2      | Killed Sigmund
  4854 | D:2      | Reached skill level 5 in Fighting
  5012 | D:2      | Found a runed translucent door.
  5013 | D:2      | Noticed Crazy Yiuf
  5023 | D:2      | Paralysed by Crazy Yiuf for 7 turns
  5033 | D:2      | Paralysed by Crazy Yiuf for 2 turns
  5037 | D:2      | Killed Crazy Yiuf
  5037 | D:2      | Gained mutation: You are partially covered in large bone
                  | plates. (SH +4) [demonic ancestry]
  5037 | D:2      | Reached XP level 8. HP: 31/62 MP: 3/8
  5561 | D:5      | Entered Level 5 of the Dungeon
  5673 | D:5      | Reached skill level 7 in Axes
  6343 | D:5      | Found a glowing silver altar of Zin.
  6625 | D:5      | Found a shimmering blue altar of Sif Muna.
  6926 | D:6      | Found a shattered altar of Ashenzari.
  7146 | D:6      | Reached skill level 8 in Axes
  7469 | D:6      | Gained mutation: You regenerate a little health from kills.
                  | [demonic ancestry]
  7469 | D:6      | Reached XP level 9. HP: 22/69 MP: 9/9
  7725 | D:7      | Reached skill level 5 in Armour
  7856 | D:7      | Found an ornate altar of the Wu Jian Council.
  8059 | D:7      | Found a shimmering altar of Xom.
  8196 | D:7      | Noticed Duvessa
  8199 | D:7      | Noticed Dowan
  8203 | D:7      | Killed Duvessa
  8203 | D:7      | Reached skill level 9 in Axes
  8220 | D:7      | Killed Dowan
  9157 | D:8      | Noticed a centaur warrior
  9172 | D:8      | Killed a centaur warrior
  9172 | D:8      | Reached skill level 10 in Axes
  9194 | D:8      | Gained mutation: You are mostly covered in large bone
                  | plates. (SH +6) [demonic ancestry]
  9194 | D:8      | Reached XP level 10. HP: 60/76 MP: 10/10
  9559 | D:8      | Found a radiant altar of Vehumet.
  9759 | D:8      | Found a runed translucent gate.
  9760 | D:8      | Found a runed translucent gate.
  9760 | D:8      | Found a runed translucent gate.
  9761 | D:8      | Noticed a glowing orange brain
  9762 | D:8      | Noticed a green ugly thing
  9762 | D:8      | Noticed a green ugly thing
  9762 | D:8      | Noticed a purple ugly thing
  9851 | D:8      | Found a stormy altar of Qazlal.
  9869 | D:8      | Became a worshipper of Qazlal Stormbringer
  9916 | D:8      | Noticed Erica
  9933 | D:8      | Killed Erica
  9933 | D:8      | Reached skill level 11 in Axes
 10214 | D:8      | Found a glowing golden altar of the Shining One.
 10566 | D:9      | Found a sacrificial altar of Ru.
 11275 | D:9      | Noticed a deep elf mage
 11281 | D:9      | Killed a deep elf mage
 11384 | D:9      | Noticed a tengu warrior
 11386 | D:9      | Reached skill level 12 in Axes
 11389 | D:9      | Noticed a gargoyle
 11391 | D:9      | Killed a tengu warrior
 11391 | D:9      | Reached XP level 11. HP: 50/81 MP: 11/11
 11391 | D:9      | Noticed a tengu warrior
 11435 | D:9      | Killed a tengu warrior
 11485 | D:9      | Killed an unseen horror
 11835 | D:9      | Reached * piety under Qazlal
 12268 | D:9      | Noticed Maurice
 13588 | D:9      | Killed Maurice
 13882 | D:10     | Entered Level 10 of the Dungeon
 13915 | D:10     | Reached skill level 13 in Axes
 13929 | D:10     | Noticed a two-headed ogre
 14557 | D:10     | Noticed a two-headed ogre
 14612 | D:9      | Slain by a two-headed ogre

Illustrated notes

Levels and vault maps discovered:
D:1:      ebering_hopf_link, layout_loops_ring, minmay_pentomino_v2
D:2:      minmay_alternating_diamond, layout_basic, first_ration,
          kennysheep_generic_room_6, uniq_sigmund, uniq_jessica, uniq_terence,
          uniq_crazy_yiuf_cottage
D:3:      layout_loops_cross, gammafunk_temple_overflow_elements,
          chequers_ecumenical_altar_simple
D:4:      layout_cave_pools, temple_hall, gup_sewer_entry_spiral,
          trog_butcher_becter, uniq_menkaure
D:5:      layout_rooms, kennysheep_mini, led_sif_pool, serial_bayou,
          serial_bayou_crossing, serial_bayou_lake_a, serial_bayou_shore_a,
          serial_bayou_pond_c
D:6:      layout_rooms, ashenzari_conservatory_becter,
          kennysheep_generic_room_15
D:7:      layout_loops_corners, lemuel_coloured_pillars_altar,
          xom_confusion_cloud, uniq_duvessa
D:8:      minmay_chambers_of_sevens, layout_rooms,
          nicolae_qazlal_general_emergency, fiery_altar_vehumet,
          nicolae_tso_carved_into_rock,
          ploomutoo_gammafunk_ghost_potion_laboratory, blue_anna_alchemist
          [blue_anna_fruit_fields, blue_anna_fruit_fields], uniq_erica
D:9:      minmay_the_grid_octo_2x2 [minmay_the_grid_octo_clover_2,
          minmay_the_grid_octo_chip, minmay_the_grid_octo_checkerflower,
          minmay_the_grid_octo_prize_single_spiral], layout_basic,
          nicolae_ru_awakened_eye, uniq_maurice
D:10:     layout_rooms, erik_lair_dragon, david_orc_5
Temple:   pf_slimified_temple

Skill      XL: |  1  2  3  4  5  6  7  8  9 10 11 |
---------------+----------------------------------+-----
Axes           | 3 4 5 6 8 10 12 13 | 13.0
Dodging        | 3 |  3.0
Fighting       | 3 4 5 6 |  6.0
Armour         | 1 2 3 4 6 8 9 |  9.1
Throwing       | |  1.7

Action                   |  1- 3 |  4- 6 |  7- 9 | 10-12 || total
-------------------------+-------+-------+-------+-------++-------
Melee: War axe           |    71 |    47 |   286 |       ||   404
       Dagger            |    38 |   137 |       |       ||   175
       Battleaxe         |       |       |   156 |   439 ||   595
Throw: Dart              |       |       |       |     8 ||     8
Evoke: Wand              |       |       |       |     9 ||     9
       Phial of floods   |       |       |       |     1 ||     1
  Use: Potion            |     1 |       |     3 |     8 ||    12
       Scroll            |       |     4 |     6 |     1 ||    11
 Stab: Distracted        |     1 |       |       |       ||     1
       Sleeping          |     1 |       |       |       ||     1
  Eat: Chunk             |     2 |     6 |    17 |     8 ||    33
       Ration            |       |       |     1 |     4 ||     5
Armor: Leather armour    |    25 |     3 |       |       ||    28
       Chain mail        |       |    88 |    20 |       ||   108
       Scale mail        |       |       |   126 |   142 ||   268
       Plate armour      |       |       |       |    31 ||    31
Dodge: Dodged            |    81 |   130 |   279 |   186 ||   676
Block: Other             |       |       |    52 |   145 ||   197
